 Dungeon Crawl Stone Soup version 0.18.1-48-g4cf74bf (webtiles) character file.

23 HEYYEYAAE the Chiller (level 2, -1/20 HPs)
             Began as a Draconian Ice Elementalist on Sept 2, 2016.
             Slain by a giant cockroach (2 damage)
             ... on level 1 of the Dungeon.
             The game lasted 00:00:54 (774 turns).

HEYYEYAAE the Chiller (Draconian Ice Elementalist)   Turns: 774, Time: 00:00:55

Health: -1/20      AC:  4    Str:  8 (10) XL:     2   Next: 75%
Magic:  5/5        EV: 12    Int: 14 (15) God:
Gold:   35         SH:  0    Dex:  8 (11) Spells: 1 memorised, 4 levels left

rFire  . . .     SeeInvis .     g - +0 short sword
rCold  . . .     Gourm    .     (armour unavailable)
rNeg   . . .     Faith    .     (no shield)
rPois  .         Spirit   .     (helmet restricted)
rElec  .         Dismiss  .     (no cloak)
rCorr  .         Reflect  .     (no gloves)
SustAt .         Harm     .     (no boots)
MR     .....                    (no amulet)
Stlth  +.........               (no ring)
                                (no ring)

@: not resistant to hostile enchantments, very unstealthy
A: unfitting armour, cold-blooded, AC +4
a: no special abilities


You were on level 1 of the Dungeon.
You were not hungry.

You visited 1 branch of the dungeon, and saw 1 of its levels.

You collected 35 gold pieces.

Inventory:

Hand Weapons
 g - a +0 short sword (weapon)
Armour
 c - a +2 buckler
Scrolls
 d - a scroll of remove curse {unknown}
 h - a scroll of fog {unknown}
Potions
 e - a potion of brilliance {unknown}
Books
 a - a book of Frost

   Spells                             Type                      Level
   a - Freeze                         Ice                          1
   b - Throw Frost                    Conjuration/Ice              2
   c - Ozocubu's Armour               Charms/Ice                   3
   d - Throw Icicle                   Conjuration/Ice              4
   e - Summon Ice Beast               Ice/Summoning                4
Comestibles
 b - a bread ration


   Skills:
 + Level 0.2 Fighting
 + Level 2.0 Dodging
 - Level 1.7 Stealth
 + Level 0.0 Shields
 * Level 2.3 Spellcasting
   Level 1.0 Conjurations
 * Level 3.5 Ice Magic


You had 4 spell levels left.
You knew the following spells:

 Your Spells              Type           Power        Failure   Level  Hunger
a - Freeze                Ice            ##..         6%          1    #......


Dungeon Overview and Level Annotations

Branches:
Dungeon (1/15)

Altars:


Innate Abilities, Weirdness & Mutations

Your plain brown scales are hard (AC +4).
Your body does not fit into most forms of armour.
You are cold-blooded and may be slowed by cold attacks.


Message History

You closely miss the giant gecko.
Your tail-slap misses the giant gecko.
The giant gecko is severely wounded.
The giant gecko bites you.
* * * LOW HITPOINT WARNING * * *
The giant cockroach bites you but does no damage.
The dart slug bites you.
* * * LOW HITPOINT WARNING * * *
The giant gecko bites you.
* * * LOW HITPOINT WARNING * * *
Casting: Freeze
Confirm with . or Enter, or press ? or * to list all spells.
You don't know that spell.
Drink which item? (? for menu, Esc to quit)
It was a potion of degeneration.
There was something very wrong with that liquid.
You feel weakened.
You feel dopey.
You feel clumsy.
The giant cockroach bites you but does no damage.
The dart slug launches a dart at you. The slug dart misses you.
The giant cockroach bites you.
You die...

###############.#.+....
#...........†.#.#.#....
#.###########'#........
#.# #.......#### #.#
#.......+..# #.#
#.......##.# #.#
#........#.#
#.##########........#.#
#[....@....+...........
#######sw#.#........#..
#....l............###
#.8.....8..#.......
#.!........#....#..
#..........(#....#...
........>....#...##...
.##..........#.## #....
#..........# ...


You could see a dart slug, a giant gecko and a giant cockroach.

Vanquished Creatures
  A giant gecko (D:1)
  A bat zombie (D:1)
  3 giant cockroaches (D:1)
  2 hobgoblins (D:1)
  5 bats (D:1)
  A giant cockroach zombie (D:1)
  2 giant newts (D:1)
  A goblin (D:1)
  4 kobolds (D:1)
  2 rats (D:1)
22 creatures vanquished.

Notes
Turn   | Place    | Note
--------------------------------------------------------------
     0 | D:1      | HEYYEYAAE the Draconian Ice Elementalist began the quest for the Orb.
     0 | D:1      | Reached XP level 1. HP: 14/14 MP: 3/3
   253 | D:1      | Reached XP level 2. HP: 14/20 MP: 0/5
   772 | D:1      | HP: 1/20 [giant gecko (4)]
   774 | D:1      | Slain by a giant cockroach

Skill      XL: |  1 |
---------------+----+-----
Dodging        | 2 |  2.0
Fighting       | |  0.2
Stealth        | |  1.7
Spellcasting   | |  2.3
Conjurations   | |  1.0
Ice Magic      | |  3.5

Action                   || total
-------------------------++-------
Melee: Unarmed           ||    93
       Tailslap          ||    10
       Short sword       ||    10
 Cast: Freeze            ||    10
  Use: Potion            ||     1
 Stab: Sleeping          ||     3
Armor: Skin              ||    58
Dodge: Dodged            ||   101
